 Dungeon Crawl Stone Soup version 0.30.1-4-g462c640d31 (webtiles) character file.

Game seed: 4828897558055551554

76 safid the Chiller (level 4, -4/33 HPs)
             Began as a Merfolk Ice Elementalist on Aug 17, 2023.
             Slain by a gnoll
             ... wielding a +0 club
              (7 damage)
             ... on level 3 of the Dungeon.
             The game lasted 00:01:48 (2082 turns).

safid the Chiller (Merfolk Ice Elementalist)        Turns: 2082, Time: 00:01:49

Health: -4/33      AC:  2    Str:  8    XL:     4   Next: 32%
Magic:  8/8        EV: 17    Int: 22    God:
Gold:   102        SH:  0    Dex: 14    Spells: 1/8 levels left

rFire   . . .        u - +1 dagger (venom)
rCold   . . .        (no shield)
rNeg    . . .        a - +0 robe
rPois   .            (no helmet)
rElec   .            (no cloak)
rCorr   .            (no gloves)
SInv    .            (no boots)
Will    .....        (no amulet)
Stlth   ++           i - +5 ring of evasion
HPRegen 0.25/turn    l - +6 ring of intelligence
MPRegen 0.11/turn

%: no passive effects
@: no status effects
A: (nimble swimmer 2), mertail
a: no special abilities


You were on level 3 of the Dungeon.
You visited 1 branch of the dungeon, and saw 3 of its levels.

You collected 102 gold pieces.

Inventory:

Hand Weapons
 u - a +1 dagger of venom (weapon)
Armour
 a - a +0 robe (worn)
Jewellery
 g - a ring of ice
 i - a +5 ring of evasion (left hand)
 l - a +6 ring of intelligence (right hand)
Scrolls
 c - a scroll of magic mapping {unknown}
 e - a scroll of vulnerability {unknown}
 h - a scroll of acquirement {unknown}
 j - 5 scrolls of identify {unknown}
 o - 2 scrolls of fear {unknown}
 q - a scroll of brand weapon {unknown}
 r - a scroll of torment {unknown}
 s - a scroll of immolation {unknown}
 t - a scroll of enchant armour {unknown}
Potions
 b - a potion of magic
 d - 4 potions of curing {unknown}
 f - 2 potions of lignification {unknown}
 k - a potion of ambrosia {unknown}
 m - a potion of brilliance {unknown}
 n - a potion of mutation {unknown}
 p - a potion of might {unknown}


   Skills:
 + Level 2.2 Fighting
 - Level 2.6 Dodging
 - Level 2.1 Stealth
 + Level 2.8 Spellcasting
 + Level 5.0 Ice Magic


You had one spell level left.
You knew the following spells:

 Your Spells              Type           Power      Damage    Failure   Level
a - Freeze                Ice            100%       1d10      1%          1
b - Frozen Ramparts       Ice            50%        1d8       4%          3
c - Ozocubu's Armour      Ice            25%        N/A       4%          3

Your spell library contained the following spells:

 Spells                   Type           Power      Damage    Failure   Level
 Summon Ice Beast         Ice/Summ       14%        N/A       41%         4


Dungeon Overview and Level Annotations

Branches:
Dungeon (3/15)

Altars:
Dithmenos
Uskayaw


Innate Abilities, Weirdness & Mutations

((You are very nimble when in or above water. (Stealth+, EV+, Speed+++)))
Your lower body shifts to a powerful aquatic tail in water.


Message History

You hit the gnoll but do no damage. The gnoll barely misses you.
You closely miss the gnoll. The gnoll hits you with a +0 club!
You hit the gnoll.
The gnoll is poisoned.
The gnoll is lightly wounded.
The gnoll hits you with a +0 club.
You hit the gnoll.
The gnoll looks as sick as possible!
The gnoll is heavily wounded.
You hit the gnoll.
The gnoll is moderately wounded.
The gnoll barely misses you.
You hit the gnoll.
The gnoll is poisoned.
The gnoll is heavily wounded.
The gnoll closely misses you. x2
You hit the gnoll but do no damage.
The gnoll looks as sick as possible!
The gnoll is heavily wounded.
You kill the gnoll!
The gnoll completely misses you. x2
You barely miss the gnoll.
The gnoll is severely wounded.
The gnoll hits you with a +0 club. The gnoll hits you with a +0 flail!
You are too injured to fight recklessly!
You are too injured to fight recklessly!
You are too injured to fight recklessly!
You are too injured to fight recklessly!
You are too injured to fight recklessly!
You are too injured to fight recklessly!
You are too injured to fight recklessly!
You are too injured to fight recklessly!
You are too injured to fight recklessly!
You are too injured to fight recklessly!
You are too injured to fight recklessly!
You are too injured to fight recklessly!
You are too injured to fight recklessly!
Unknown command.
The gnoll hits you with a +0 flail.
Unknown command.
The gnoll attacks as you move away! The gnoll hits you with a +0 flail!
* * * LOW HITPOINT WARNING * * *
The gnoll attacks as you move away! The gnoll hits you with a +0 club!
You die...

.§§§...≈.# #............
.≈.≈§§§≈.# ##.##..######.
.≈§.§§≈≈.# #......# #.
.≈§._§≈≈.# #..##..# #.
.≈≈..§≈≈.####..##..# #.
.§§§≈≈)≈.#.........# #.
.§..§..≈.####).##.## #.
.§§≈≈§≈gg#..#..##.# #.
#########@..#..##.#######.
###....)....>.##..
#######.###.#..#
#.###.#... #.........
..........#. ###.###.###.
#.. ..........>
#.#########.###


You could see 2 gnolls.

Vanquished Creatures
  A gnoll (D:3)
  2 adders
  2 dart slugs (D:1)
  3 bats
  6 endoplasms
  A giant cockroach (D:3)
  2 goblins
  8 hobgoblins
  3 ball pythons
  7 frilled lizards
  6 kobolds
  A rat (D:1)
42 creatures vanquished.

Notes
Turn   | Place    | Note
-------+----------+-------------------------------------------
     0 | D:1      | safid the Merfolk Ice Elementalist began the quest for the
                  | Orb.
     0 | D:1      | Reached XP level 1. HP: 13/13 MP: 3/3
   143 | D:1      | Reached XP level 2. HP: 7/20 MP: 0/5
   148 | D:1      | Reached skill level 1 in Fighting
   594 | D:1      | Reached XP level 3. HP: 26/26 MP: 6/6
   629 | D:1      | Learned a level 3 spell: Frozen Ramparts
   840 | D:2      | Found a hide-covered altar of Uskayaw.
  1742 | D:3      | Reached XP level 4. HP: 33/33 MP: 8/8
  1769 | D:3      | Learned a level 3 spell: Ozocubu's Armour
  1901 | D:3      | Reached skill level 5 in Ice Magic
  2068 | D:3      | Found a shadowy altar of Dithmenos.
  2082 | D:3      | Slain by a gnoll

Illustrated notes

Levels and vault maps discovered:
D:1:      saegor_arrival_simple_e, layout_rooms, serial_forest,
          infiniplex_forest_clump_long, infiniplex_forest_straight_4,
          infiniplex_forest_clump_C, infiniplex_forest_clump_long,
          infiniplex_forest_lined_corner, infiniplex_forest_zigzag_1
D:2:      layout_loops_ring, basic_altar, kennysheep_another_room,
          grunt_decor_one_mirror, amcnicky_mini_corridor_feature
D:3:      layout_loops_ring, mainiacjoe_overflow_alcove_1,
          mainiacjoe_overflow_paths, basic_ecumenical_altar,
          minmay_misc_feat_tiny

Skill      XL: |  1  2  3  4 |
---------------+-------------+-----
Fighting       | 1 2 |  2.2
Ice Magic      | 5 |  5.0
Dodging        | |  2.6
Stealth        | |  2.1
Spellcasting   | |  2.8

Action                     |  1- 3 |  4- 6 || total
---------------------------+-------+-------++-------
  Melee: Mace              |    96 |    17 ||   113
         Dagger            |       |     8 ||     8
   Cast: Freeze            |    14 |       ||    14
   Stab: Sleeping          |     5 |     2 ||     7
 Armour: Robe              |    21 |     3 ||    24
  Dodge: Dodged            |    91 |    15 ||   106
